 Dungeon Crawl Stone Soup version 0.22-a0-398-g8bb545f (webtiles) character file.

130251 nikopol the Sorcerer (level 16, -14/81 HPs)
             Began as a Deep Elf Fire Elementalist on May 3, 2018.
             Was the Champion of Vehumet.
             Killed by Shatter
             ... invoked by Jorgrun
              (53 damage)
             ... on level 3 of the Spider Nest on May 5, 2018.
             The game lasted 02:44:21 (30361 turns).

nikopol the Sorcerer (Deep Elf Fire Elementalist)  Turns: 30361, Time: 02:44:22

Health: -14/81     AC: 12    Str:  5    XL:     16   Next: 52%
Magic:  32/43      EV:  9    Int: 32    God:    Vehumet [******]
Gold:   900        SH:  0    Dex: 19    Spells: 21/58 levels left

rFire    . . .     SeeInvis +   q - +0 mace "Gomuytut" {holy, Int+4 Dex+4 SInv}
rCold    . . .     Gourm    .   (no shield)
rNeg     . . .     Faith    .   k - +2 robe {Archmagi}
rPois    +         Spirit   .   M - +0 helmet
rElec    .         Reflect  .   f - +2 cloak
rCorr    .         Harm     .   F - +1 pair of gloves {archery}
MR       ++...                  R - +1 pair of boots
Stlth    +++.......             r - amulet of magic regeneration
HPRegen  0.23/turn              t - ring of poison resistance
MPRegen  0.53/turn              H - ring of protection from magic

@: petrifying, very slow
A: no striking features
a: Renounce Religion


You were on level 3 of the Spider Nest.
You worshipped Vehumet.
Vehumet was exalted by your worship.
You were not hungry.

You visited 5 branches of the dungeon, and saw 27 of its levels.
You also visited: Labyrinth.

You collected 2310 gold pieces.
You spent 1410 gold pieces at shops.

Inventory:

Hand Weapons
 q - the +0 mace "Gomuytut" (weapon) {holy, Int+4 Dex+4 SInv}
   (You found it on level 6 of the Dungeon)

   It has been blessed by the Shining One to cause great damage to the undead
   and demons.
   It affects your intelligence (+4).
   It affects your dexterity (+4).
   It lets you see invisible.
Armour
 f - a +2 cloak (worn)
 k - a +2 robe of the Archmagi (worn)
 F - a +1 pair of gloves of archery (worn)
 M - a +0 helmet (worn)
 R - a +1 pair of boots (worn)
Jewellery
 a - an uncursed ring of protection from cold
 m - an uncursed ring of see invisible {unknown}
 r - an amulet of magic regeneration (around neck)
 s - the ring of the Burgomaster {rPois Int+5 Dex+6 Stlth+, unknown}
   (You took it off a centaur warrior on level 14 of the Dungeon)

   [ring of poison resistance]

   It affects your intelligence (+5).
   It affects your dexterity (+6).
   It protects you from poison.
   It makes you more stealthy.
 t - a ring of poison resistance (left hand)
 H - a ring of protection from magic (right hand)
 J - an uncursed ring of protection from magic
 P - a +4 ring of intelligence
 S - an uncursed ring of magical power {unknown}
Wands
 p - a wand of flame (114)
 x - a wand of acid (18)
 y - a wand of disintegration (28)
 A - a wand of paralysis (20)
 C - a wand of random effects (29)
 G - a wand of iceblast (10)
 L - a wand of digging (16)
 Q - a wand of polymorph (13)
Scrolls
 l - 14 scrolls of teleportation
 o - 2 scrolls of enchant weapon
 E - a scroll of identify
 N - a scroll of enchant armour
 O - 2 scrolls of amnesia
 T - 2 scrolls of blinking
 W - 2 scrolls of remove curse
Potions
 b - 3 potions of magic
 d - 11 potions of heal wounds
 e - 6 potions of curing
 g - a potion of ambrosia
 h - 5 potions of might
 i - 5 potions of haste
 j - 6 potions of flight
 n - 2 potions of cancellation
 u - 6 potions of mutation
 v - a potion of agility
 w - 2 potions of resistance
 z - a potion of lignification
 D - 4 potions of invisibility
 I - a potion of brilliance
 K - 2 potions of berserk rage
Miscellaneous
 V - a phial of floods
Comestibles
 c - 46 rations
 B - a chunk of flesh


   Skills:
 + Level 2.6 Fighting
 + Level 6.8 Dodging
 + Level 5.5 Stealth
 + Level 21.6 Spellcasting
 + Level 16.8 Conjurations
 + Level 2.1 Translocations
 + Level 16.8 Fire Magic
 + Level 2.5 Air Magic
 + Level 2.9 Earth Magic


You had 21 spell levels left.
You knew the following spells:

 Your Spells              Type           Power        Failure   Level  Hunger
a - Flame Tongue          Conj/Fire      #####        0%          1    None
b - Throw Flame           Conj/Fire      ######       0%          2    None
c - Conjure Flame         Conj/Fire      ########     0%          3    None
d - Sticky Flame          Conj/Fire      ########     0%          4    None
e - Fireball              Conj/Fire      ########..   1%          5    None
f - Lightning Bolt        Conj/Air       #######...   1%          5    None
g - Blink                 Tloc           N/A          1%          2    None
h - Stone Arrow           Conj/Erth      ######       1%          3    None
i - Bolt of Fire          Conj/Fire      ########..   1%          6    None
j - Iron Shot             Conj/Erth      #######...   1%          6    None


Dungeon Overview and Level Annotations

Branches:
Dungeon (15/15)            Temple (1/1) D:7            Lair (6/6) D:11
 Shoals (0/4) Lair:4       Spider (3/4) Lair:4        Slime (0/5) Lair:5
    Orc (2/2) D:12            Elf (0/3) Orc:2        Vaults (0/5) D:14
 Depths (0/5) D:15

Altars:
Ashenzari
Cheibriados
Dithmenos
Elyvilon
Fedhas
Gozag
Hepliaklqana
Kikubaaqudgha
Makhleb
Nemelex Xobeh
Okawaru
Qazlal
Ru
Sif Muna
Trog
Uskayaw
Vehumet
Wu Jian
Xom
Yredelemnul
Zin
The Shining One
Jiyva

Shops:
D:4 *   D:6 %*!}   D:8 [?   D:9 !   D:14 [   Orc:2 ??(*

Annotations:
Spider:3 Jorgrun, Mara


Message History

Unknown command.
Casting: Bolt of Fire (safe; 1% risk of failure)
Confirm with . or Enter, or press ? or * to list all spells.
Aiming: Bolt of Fire (safe; 1% risk of failure)
Press: ? - help, Shift-Dir - straight line, f - Jorgrun
Aim: Jorgrun, wielding a staff of earth and wearing a runed robe You feel a surge of power!
The bolt of fire misses Jorgrun.
Jorgrun points at you and mumbles some strange words.
You are slowing down.
Casting: Bolt of Fire (safe; 1% risk of failure)
Confirm with . or Enter, or press ? or * to list all spells.
Aiming: Bolt of Fire (safe; 1% risk of failure)
Press: ? - help, Shift-Dir - straight line, f/p - Jorgrun
Aim: Jorgrun, wielding a staff of earth and wearing a runed robe You feel a surge of power!
The bolt of fire misses Jorgrun.
Jorgrun casts a spell.
The dungeon rumbles around Jorgrun!
You shudder from the earth-shattering force.
Ouch! That really hurt!
You die...

..#..
................
.....
..................
.....
...=..............
.....
..................
†....
..................
.....
......%.^.........
.....
[.....g..<........
.....
#.................
.....
.......@#.........
.†...
..................
.....
..................
.....
.................≈
.....
................##
..............≈≈#
..#..........####
.............#
....#...#≈...≈#


You could see Jorgrun.

Vanquished Creatures
  Arachne (Spider:1)
  Kirke (Lair:6)
  Roxanne (D:15)
  Louise (Spider:1)
  An entropy weaver (Spider:2)
  A deep elf annihilator (D:11)
  A dire elephant (Lair:6)
  A minotaur (Lab)
  A spark wasp (Spider:3)
  Josephine (D:15)
  The ghost of zero the Nimble, a journeyman DEEE of Vehumet (Lair:1)
  2 ogre magi (D:14)
  Harold (D:12)
  6 hydras
  Erolcha (Orc:1)
  4 catoblepae (Lair:6)
  A centaur warrior (D:14)
  Erica (D:10)
  11 two-headed ogres
  A queen ant (Lair:2)
  4 death yaks
  A tengu warrior (D:15)
  Urug (D:15)
  3 orc high priests (Orc:2)
  A deep elf knight (D:14)
  Nergalle (Lair:1)
  A wizard (D:15)
  A deep troll (D:11)
  6 orc knights
  The ghost of Nattefrost the Carver, a novice MiMo of Uskayaw (D:6)
  A necromancer (D:15)
  6 orb spiders
  14 wolf spiders
  7 ugly things
  3 cyclopes
  2 deep elf magi
  5 orc sorcerers
  4 manticores
  11 elephants
  A guardian serpent (shapeshifter) (D:11)
  A centaur zombie (D:15)
  A merfolk siren (Lair:4)
  A naga mage (D:15)
  Psyche (D:9)
  5 black mambas
  2 torpor snails (Lair:6)
  3 gargoyles
  A kobold demonologist (D:14)
  11 spiny frogs
  An efreet (D:11)
  8 demonic crawlers
  5 rime drakes
  8 komodo dragons
  2 tengu conjurers
  4 trolls
  3 merfolk (Lair:4)
  A polar bear (Lair:5)
  4 hornets
  23 jumping spiders
  9 blink frogs
  Prince Ribbit (D:7)
  8 dream sheep (Lair:6)
  12 slime creatures
  6 hippogriffs
  A centaur simulacrum (D:15)
  46 redbacks
  6 wraiths
  20 tarantellas
  A shadow (D:14)
  2 wyverns
  44 yaks
  2 vampires
  4 fire bats (D:13)
  2 humans
  7 basilisks
  5 hogs (Lair:6)
  6 vampire mosquitoes
  2 wargs
  2 hungry ghosts
  An acid dragon (D:13)
  10 water moccasins
  Duvessa (D:5)
  14 porcupines
  15 soldier ants
  A hell hound (D:13)
  A hornet zombie (D:15)
  2 ice beasts
  2 phantoms
  3 sky beasts
  3 black bears
  2 necrophages
  8 ogres
  26 orc warriors
  13 wolves
  12 centaurs
  12 crocodiles
  3 big kobolds
  A wyvern zombie (D:12)
  26 bullfrogs
  A gnoll sergeant (D:8)
  9 scorpions
  Dowan (D:5)
  A water moccasin skeleton (D:7)
  4 killer bees (D:11)
  6 wights
  2 electric eels (Lair:3)
  5 howler monkeys
  2 crimson imps
  A bullfrog zombie (D:8)
  2 lava snakes (D:13)
  2 quasits
  9 hounds
  30 orc wizards
  21 orc priests
  4 iguanas
  3 jellies
  7 bullfrog skeletons
  6 centaur skeletons
  Terence (D:2)
  44 worker ants
  A hound skeleton (D:10)
  A worker ant zombie (D:5)
  8 adders
  5 gnolls
  2 shadow imps
  An adder zombie (D:6)
  An adder skeleton (D:4)
  5 worms
  2 dart slugs
  2 leopard geckos
  78 orcs
  A ball python (D:4)
  9 giant cockroaches
  6 goblins
  3 jackals (D:7)
  8 quokkas
  5 bats
  2 frilled lizards
  A jackal skeleton (D:3)
  A jackal zombie (D:8)
  10 kobolds
  3 rats
  8 bushes (Lair:3)
  2 fire vortices (D:13)
  4 fungi
  9 plants
879 creatures vanquished.

Vanquished Creatures (collateral kills)
  An electric eel (Lair:3)
1 creature vanquished.

Vanquished Creatures (others)
  5 death yaks (Lair:5)
  A yak (D:12)
  A human (Lair:6)
  A water moccasin (D:12)
  An orc warrior (D:12)
  An ogre (D:12)
  A bullfrog (D:12)
  A howler monkey (D:12)
  A bullfrog skeleton (D:12)
  2 orcs (D:12)
  A fire vortex (D:13)
  42 fungi
  21 plants
79 creatures vanquished.

Grand Total: 959 creatures vanquished

Notes
Turn   | Place    | Note
-------+----------+-------------------------------------------
     0 | D:1      | nikopol the Deep Elf Fire Elementalist began the quest for the Orb.
     0 | D:1      | Reached XP level 1. HP: 10/10 MP: 6/6
   351 | D:1      | Reached XP level 2. HP: 14/15 MP: 4/8
   457 | D:2      | Noticed Terence
   520 | D:2      | Killed Terence
   520 | D:2      | Reached XP level 3. HP: 19/19 MP: 5/10
   972 | D:1      | Learned a level 2 spell: Throw Flame
   976 | D:1      | Learned a level 3 spell: Conjure Flame
  1297 | D:2      | Found an opulent altar of Gozag.
  1517 | D:3      | Reached XP level 4. HP: 24/24 MP: 7/11
  1745 | D:3      | Noticed an ice beast
  1755 | D:3      | Killed an ice beast
  1755 | D:3      | Reached skill level 4 in Spellcasting
  1755 | D:3      | Reached XP level 5. HP: 28/28 MP: 0/13
  1859 | D:3      | Learned a level 4 spell: Sticky Flame
  2159 | D:4      | Reached skill level 5 in Spellcasting
  2220 | D:4      | Reached skill level 5 in Fire Magic
  2310 | D:4      | Found a deep blue altar of Sif Muna.
  2452 | D:4      | Reached XP level 6. HP: 32/32 MP: 9/15
  2611 | D:4      | Found Tetzen's General Store.
  2657 | D:4      | Reached skill level 6 in Spellcasting
  2766 | D:5      | Entered Level 5 of the Dungeon
  2939 | D:5      | Reached XP level 7. HP: 36/36 MP: 12/18
  3147 | D:5      | Noticed Dowan
  3157 | D:5      | Killed Dowan
  3188 | D:5      | Noticed Duvessa
  3199 | D:5      | Killed Duvessa
  3493 | D:5      | Reached skill level 7 in Spellcasting
  3871 | D:5      | Reached XP level 8. HP: 41/41 MP: 14/21
  4030 | D:6      | Noticed Nattefrost's ghost (novice MiMo)
  4180 | D:6      | Found Desouw's Distillery.
  4184 | D:6      | Found Obeheo's Assorted Antiques.
  4203 | D:6      | Got a shimmering mace
  4204 | D:6      | Identified the +0 mace "Gomuytut" {holy, Int+4 Dex+4 SInv} (You found it on level 6 of the Dungeon)
  4505 | D:6      | Reached skill level 8 in Spellcasting
  4526 | D:6      | Reached skill level 5 in Conjurations
  4789 | D:6      | Killed Nattefrost's ghost
  4789 | D:6      | Reached skill level 9 in Spellcasting
  5023 | D:6      | Reached XP level 9. HP: 46/46 MP: 17/24
  5030 | D:6      | Learned a level 5 spell: Fireball
  5436 | D:4      | Bought a +1 cloak for 149 gold pieces
  5804 | D:6      | Found Omox Neq's Food Emporium.
  6033 | D:6      | Found Erogoc's Gadget Boutique.
  6389 | D:7      | Reached skill level 1 in Fighting
  6409 | D:7      | Noticed Prince Ribbit
  6414 | D:7      | Killed Prince Ribbit
  6414 | D:7      | Reached skill level 10 in Spellcasting
  7099 | D:7      | Found a staircase to the Ecumenical Temple.
  7108 | Temple   | Entered the Ecumenical Temple
  7361 | Temple   | Became a worshipper of Vehumet
  7545 | D:8      | Found Gero's Magic Scroll Shop.
  7553 | D:8      | Bought a scroll of blinking for 90 gold pieces
  7563 | D:8      | Found Utuof's Antique Armour Shop.
  8287 | D:8      | Noticed a two-headed ogre
  8300 | D:8      | Killed a two-headed ogre
  8300 | D:8      | Reached skill level 11 in Spellcasting
  8300 | D:8      | Reached XP level 10. HP: 52/52 MP: 3/27
  8497 | D:8      | Noticed a two-headed ogre
  8500 | D:8      | Killed a two-headed ogre
  8500 | D:8      | Reached skill level 5 in Dodging
  8574 | D:8      | Learned a level 5 spell: Lightning Bolt
  8795 | D:9      | Reached * piety under Vehumet
  8795 | D:9      | Offered knowledge of Sting by Vehumet.
  8829 | D:9      | Found Nyluesur's Distillery.
  8913 | D:9      | Upgraded the game from 0.22-a0-395-gfed312b to 0.22-a0-398-g8bb545f
  9208 | D:9      | Reached skill level 12 in Spellcasting
  9208 | D:9      | Reached skill level 10 in Fire Magic
  9270 | D:9      | Noticed Psyche
  9278 | D:9      | Killed Psyche
  9459 | D:9      | Learned a level 2 spell: Blink
  9480 | D:9      | Noticed a two-headed ogre
  9489 | D:9      | Killed a two-headed ogre
  9747 | D:9      | Reached XP level 11. HP: 56/56 MP: 18/29
 10039 | D:10     | Entered Level 10 of the Dungeon
 10114 | D:10     | Noticed Erica
 10120 | D:10     | Killed Erica
 10120 | D:10     | Reached skill level 10 in Conjurations
 10167 | D:10     | Reached skill level 13 in Spellcasting
 10410 | D:10     | Offered knowledge of Throw Frost by Vehumet.
 10444 | D:10     | Reached ** piety under Vehumet
 10817 | D:10     | Noticed a two-headed ogre
 10824 | D:10     | Killed a two-headed ogre
 10902 | D:11     | Noticed a two-headed ogre
 10902 | D:11     | Noticed a green ugly thing
 10909 | D:11     | Killed a two-headed ogre
 10909 | D:11     | Reached skill level 14 in Spellcasting
 10915 | D:11     | Killed a green ugly thing
 10924 | D:11     | Noticed a two-headed ogre
 10930 | D:11     | Killed a two-headed ogre
 11119 | D:11     | Offered knowledge of Stone Arrow by Vehumet.
 11434 | D:11     | Found a large runed door.
 11717 | D:11     | Reached skill level 1 in Air Magic
 11721 | D:11     | Reached XP level 12. HP: 62/62 MP: 19/32
 11752 | D:11     | Reached *** piety under Vehumet
 11839 | D:11     | Learned a level 3 spell: Stone Arrow
 11883 | D:11     | Found a staircase to the Lair.
 12121 | D:11     | Noticed a five-headed hydra
 12122 | D:11     | Found a large runed door.
 12175 | D:11     | Killed a five-headed hydra
 12175 | D:11     | Reached skill level 15 in Spellcasting
 12176 | D:11     | Offered knowledge of Fulminant Prism by Vehumet.
 12448 | D:11     | Found a basalt altar of Yredelemnul.
 12452 | D:11     | Noticed a deep elf annihilator
 12453 | D:11     | Killed a deep elf annihilator
 12477 | D:11     | Found an opulent altar of Gozag.
 12517 | Lair:1   | Entered Level 1 of the Lair of Beasts
 12522 | Lair:1   | Noticed zero's ghost (journeyman DEEE)
 12532 | Lair:1   | Killed zero's ghost
 12533 | Lair:1   | Reached skill level 5 in Stealth
 12862 | Lair:1   | Noticed Nergalle
 12867 | Lair:1   | Killed Nergalle
 13272 | Lair:2   | Found a labyrinth entrance.
 13283 | Lab      | Entered a labyrinth
 13446 | Lab      | Noticed a minotaur
 13450 | Lab      | Killed a minotaur
 13450 | Lab      | Reached skill level 16 in Spellcasting
 13624 | Lab      | Identified the Disquisition on Earth
 13638 | Lair:2   | Reached **** piety under Vehumet
 13707 | Lair:2   | Offered knowledge of Throw Icicle by Vehumet.
 14187 | Lair:2   | Reached XP level 13. HP: 64/66 MP: 17/35
 14262 | Lair:2   | Reached ***** piety under Vehumet
 14262 | Lair:2   | Offered knowledge of Iskenderun's Battlesphere by Vehumet.
 16213 | Lair:4   | Reached skill level 17 in Spellcasting
 16378 | Lair:4   | Found a hole to the Spider Nest.
 16595 | Lair:4   | Found a staircase to the Shoals.
 17247 | Lair:5   | Offered knowledge of Bolt of Fire by Vehumet.
 17255 | Lair:5   | Learned a level 6 spell: Bolt of Fire
 17597 | Lair:5   | Found a viscous altar of Jiyva.
 17626 | Lair:5   | Found a staircase to the Slime Pits.
 17874 | Lair:6   | Entered Level 6 of the Lair of Beasts
 18111 | Lair:6   | Reached XP level 14. HP: 55/72 MP: 10/37
 18199 | Lair:6   | Reached skill level 18 in Spellcasting
 18827 | Lair:6   | Reached skill level 1 in Translocations
 18870 | Lair:6   | Reached skill level 1 in Earth Magic
 18873 | Lair:6   | Noticed Kirke
 18884 | Lair:6   | Killed Kirke
 19517 | Lair:6   | Offered knowledge of Ozocubu's Refrigeration by Vehumet.
 19762 | Lair:6   | Reached skill level 19 in Spellcasting
 19803 | Lair:6   | Got an iridescent morningstar
 19814 | Lair:6   | Identified the cursed +1 morningstar "Fioloh" {drain, Str+2} (You found it on level 6 of the Lair of Beasts)
 20004 | D:12     | Reached skill level 15 in Fire Magic
 20038 | D:12     | Found a staircase to the Orcish Mines.
 20064 | D:12     | Noticed Harold
 20065 | D:12     | Killed Harold
 20355 | D:12     | Found a shimmering altar of Xom.
 20544 | D:12     | Reached skill level 15 in Conjurations
 20915 | Orc:1    | Entered Level 1 of the Orcish Mines
 20915 | Orc:1    | Found a burning altar of Makhleb.
 21202 | Orc:2    | Entered Level 2 of the Orcish Mines
 21210 | Orc:2    | Offered knowledge of Orb of Destruction by Vehumet.
 21264 | Orc:2    | Found a staircase to the Elven Halls.
 21413 | Orc:1    | Noticed Erolcha
 21414 | Orc:1    | Killed Erolcha
 22084 | Orc:2    | Reached XP level 15. HP: 63/76 MP: 33/40
 22219 | Orc:2    | Found Ganoor's General Store.
 22219 | Orc:2    | Found Yfizususs's Magic Scroll Boutique.
 22231 | Orc:2    | Found Douplism's Antique Weapon Emporium.
 22231 | Orc:2    | Found Jorinwy's Magic Scroll Boutique.
 22240 | Orc:2    | Bought a scroll of blinking for 105 gold pieces
 22254 | Orc:2    | Bought a scroll of acquirement for 728 gold pieces
 22254 | Orc:2    | Bought a scroll of identify for 28 gold pieces
 22254 | Orc:2    | Bought a scroll of identify for 28 gold pieces
 22256 | Orc:2    | Got a warped pewter amulet
 22257 | Orc:2    | Identified the amulet of Toybig {Spirit rF++} (You acquired it on level 2 of the Orcish Mines)
 22276 | Orc:2    | Bought a scroll of teleportation for 51 gold pieces
 22276 | Orc:2    | Bought a scroll of teleportation for 51 gold pieces
 22796 | D:13     | Offered knowledge of Poison Arrow by Vehumet.
 23717 | D:14     | Found Webid's Antique Armour Boutique.
 23741 | D:14     | Bought a pair of embroidered gloves for 180 gold pieces
 23950 | D:14     | Reached skill level 20 in Spellcasting
 24004 | D:14     | Got a crude iron ring
 24309 | D:14     | Found a gate to the Vaults.
 24423 | D:15     | Entered Level 15 of the Dungeon
 24446 | D:15     | Noticed Roxanne
 24571 | D:15     | Noticed Urug
 24574 | D:15     | Killed Urug
 24578 | D:15     | Noticed Josephine
 24581 | D:15     | Killed Josephine
 24740 | D:15     | Found a hide-covered altar of Uskayaw.
 25044 | D:15     | Found a staircase to the Depths.
 26200 | D:15     | Killed Roxanne
 26363 | D:15     | Identified Roxanne's Collected Works on Clay (You took it off Roxanne on level 15 of the Dungeon)
 26547 | Spider:1 | Entered Level 1 of the Spider Nest
 27572 | Spider:1 | Reached ****** piety under Vehumet
 27572 | Spider:1 | Reached skill level 21 in Spellcasting
 27888 | Spider:1 | Reached XP level 16. HP: 81/81 MP: 31/43
 28180 | Spider:1 | Noticed Louise
 28212 | Spider:1 | Killed Louise
 28212 | Spider:1 | Offered knowledge of Iron Shot by Vehumet.
 28962 | Spider:2 | Noticed Arachne
 28968 | Spider:1 | Killed Arachne
 29766 | Spider:1 | Learned a level 6 spell: Iron Shot
 30268 | Spider:3 | Offered knowledge of Spellforged Servitor by Vehumet.
 30270 | Spider:3 | Noticed Mara
 30357 | Spider:3 | Noticed Jorgrun
 30361 | Spider:3 | Killed from afar by Jorgrun

Vault maps used:
D:1:      elethiomel_arrival_quiet
D:2:      nicolae_gozag_cash_rules_everything_around_me, uniq_terence
D:4:      kennysheep_mini_moat, first_ration, serial_shops, shop,
          minmay_hedge_maze
D:5:      uniq_duvessa
D:6:      serial_corexii_hall, corexii_hall_statues_deadend,
          corexii_hall_statues_l, serial_shops,
          nicolae_shop_temple_entry_statues_fountains, shop, shop_fountains,
          kennysheep_little_box
D:7:      lemuel_temple_firewalk_b, uniq_prince_ribbit1
D:8:      kennysheep_windowed_halls, serial_shops, nicolae_shop_trees,
          shop_statue
D:9:      serial_shops, nicolae_shop_behind_doors, hangedman_pestilent_swarm,
          uniq_psyche
D:10:     uniq_erica
D:11:     due_lair_maze_entry_diamond, jmf_multi_god_temple2
D:12:     erik_orc_4, xom_confusion_cloud, uniq_harold
D:13:     hangedman_incinerator
D:14:     hangedman_vaults_entry_quadrant_bands, serial_park_gazebo,
          serial_shops, nicolae_shop_crystal
D:15:     grunt_enter_depths_magical_seal, basic_altar, hex_intersection,
          uniq_urug, uniq_josephine, uniq_roxanne
Temple:   nicolae_temple_the_god_donut
Lair:1:   st_stairs_3, uniq_nergalle
Lair:2:   lab_entry_generic, zaba_anthell
Lair:3:   nicolae_volcano_entry_two_sided, serial_forest,
          infiniplex_forest_side_room, infiniplex_forest_clump_diagonal,
          infiniplex_forest_fountain, infiniplex_forest_clump_double,
          infiniplex_forest_straight_2, infiniplex_forest_lined_2,
          infiniplex_forest_lined_room_3, infiniplex_forest_end_2,
          serial_bayou_lagoon_b
Lair:4:   elwin_shoals_entry_stream, nicolae_spider_entry_non_spiders,
          serial_bayou_lagoon_a
Lair:5:   dpeg_slime_entry_enclosed_altar, grunt_forest_small_clearings
Lair:6:   hangedman_lair_in_review, small_statue_intersection, uniq_kirke
Spider:1: uniq_louise
Spider:2: uniq_arachne
Spider:3: uniq_jorgrun, uniq_mara
Orc:1:    basic_altar, uniq_erolcha
Orc:2:    grunt_orc_tribal_feast
Lab:      nicolae_lab_dead_adventurers, nicolae_lab_dead_end,
          nicolae_lab_blocks, nicolae_lab_garden, nicolae_lab_lava, lab_block,
          nicolae_lab_statue, nicolae_lab_starburst

Skill      XL: |  1  2  3  4  5  6  7  8  9 10 11 12 13 14 15 |
---------------+----------------------------------------------+-----
Fire Magic     | 4 5 6 7 9 10 11 12 14 15 16 | 16.8
Stealth        | 3 4 5 |  5.5
Dodging        | 3 4 5 6 |  6.8
Spellcasting   | 4 5 6 7 9 11 12 14 16 17 19 21 | 21.6
Conjurations   | 2 3 4 5 8 9 11 12 14 15 16 | 16.8
Fighting       | 1 2 |  2.6
Air Magic      | 1 2 |  2.5
Translocations | 1 2 |  2.1
Earth Magic    | 1 2 |  2.9

Action                   |  1- 3 |  4- 6 |  7- 9 | 10-12 | 13-15 | 16-18 || total
-------------------------+-------+-------+-------+-------+-------+-------++-------
Melee: Short sword       |       |       |    21 |       |       |       ||    21
       Mace              |       |       |     6 |     7 |     3 |       ||    16
 Cast: Flame Tongue      |    42 |    89 |   204 |   259 |   399 |    29 ||  1022
       Conjure Flame     |     1 |     1 |     5 |    16 |     9 |       ||    32
       Throw Flame       |       |     9 |    34 |    51 |    37 |     2 ||   133
       Sticky Flame      |       |     2 |    16 |    44 |    60 |    22 ||   144
       Fireball          |       |       |     6 |    91 |   242 |    47 ||   386
       Lightning Bolt    |       |       |       |     4 |    24 |     1 ||    29
       Stone Arrow       |       |       |       |     7 |    38 |    14 ||    59
       Bolt of Fire      |       |       |       |       |   103 |    40 ||   143
       Blink             |       |       |       |       |     3 |     1 ||     4
       Iron Shot         |       |       |       |       |       |     8 ||     8
  Use: Scroll            |       |       |    11 |    12 |    15 |     2 ||    40
       Potion            |       |       |       |       |     4 |       ||     4
  Eat: Chunk             |     1 |     5 |    15 |    19 |    30 |     8 ||    78
       Ration            |       |       |     1 |       |     3 |       ||     4
Armor: Robe              |     5 |     2 |     4 |    14 |    60 |    33 ||   118
Dodge: Dodged            |    16 |    23 |    50 |    69 |   152 |   100 ||   410

Table legend:
 A = Spawn XP
 B = Non-spawn XP
 C = Spawn XP percentage of total XP
 D = Spawn monster count
 E = Non-spawn monster count
 F = Spawn count percentage of total count
 G = Total turns spent on level
                    A         B        C        D         E        F      G
               +---------+---------+-------+---------+---------+-------+---------
         Total |       0 |  186074 |   0.0 |       0 |     856 |   0.0 | 30361
               +---------+---------+-------+---------+---------+-------+---------
           D:1 |       0 |      12 |   0.0 |       0 |       7 |   0.0 |   746
           D:2 |       0 |      80 |   0.0 |       0 |      11 |   0.0 |   728
           D:3 |       0 |     164 |   0.0 |       0 |      17 |   0.0 |   687
           D:4 |       0 |     373 |   0.0 |       0 |      14 |   0.0 |   961
           D:5 |       0 |     859 |   0.0 |       0 |      25 |   0.0 |  1385
           D:6 |       0 |    1683 |   0.0 |       0 |      33 |   0.0 |  1774
           D:7 |       0 |     989 |   0.0 |       0 |      15 |   0.0 |   895
           D:8 |       0 |    3207 |   0.0 |       0 |      30 |   0.0 |  1347
           D:9 |       0 |    4031 |   0.0 |       0 |      25 |   0.0 |  1248
          D:10 |       0 |    4888 |   0.0 |       0 |      28 |   0.0 |  1093
          D:11 |       0 |   11101 |   0.0 |       0 |      59 |   0.0 |  1641
          D:12 |       0 |    4858 |   0.0 |       0 |      51 |   0.0 |  1026
          D:13 |       0 |    5699 |   0.0 |       0 |      37 |   0.0 |  1174
          D:14 |       0 |   14223 |   0.0 |       0 |      35 |   0.0 |   872
          D:15 |       0 |   14990 |   0.0 |       0 |      30 |   0.0 |  1954
        Lair:1 |       0 |    3837 |   0.0 |       0 |      13 |   0.0 |   582
        Lair:2 |       0 |    9128 |   0.0 |       0 |      71 |   0.0 |  1396
        Lair:3 |       0 |    3735 |   0.0 |       0 |      18 |   0.0 |  1193
        Lair:4 |       0 |    8128 |   0.0 |       0 |      40 |   0.0 |  1212
        Lair:5 |       0 |    5600 |   0.0 |       0 |      17 |   0.0 |  1104
        Lair:6 |       0 |   31281 |   0.0 |       0 |      85 |   0.0 |  1606
      Spider:1 |       0 |   26839 |   0.0 |       0 |      71 |   0.0 |  3036
      Spider:2 |       0 |   12605 |   0.0 |       0 |      37 |   0.0 |   606
      Spider:3 |       0 |    4388 |   0.0 |       0 |      15 |   0.0 |    61
         Orc:1 |       0 |    2765 |   0.0 |       0 |      26 |   0.0 |   520
         Orc:2 |       0 |    9372 |   0.0 |       0 |      45 |   0.0 |   898
           Lab |       0 |    1239 |   0.0 |       0 |       1 |   0.0 |   348
               +---------+---------+-------+---------+---------+-------+---------
